cohdb
Replays
Latest Replays
All Replays
Popular Replays
Top Player Replays
Match Explorer
How It Works
Community
CoH3 Stats
Reddit
Sign in to upload your games and track your stats! →
Sign in with Steam
Match 43405777
Unlisted
Match 43405777
Overview
Messages
Build Orders
End
Royal Engineer Section
Construct Section Command Post
Dingo Light Scout Car
Vickers Machine Gun Team
Vickers Machine Gun Team
Construct Platoon Command Post
Humber Armored Car
Selects Air and Sea Battlegroup
Selects Commando Section Paradrop
Selects M1 Pack Howitzer Paradrop
6-pounder Anti-tank Gun Team
M1 Pack Howitzer Paradrop
RunningWithFate
Onoyk
Sekirnaya
盖叶的黑色部队
0
0
Comments
sign in to comment!
No comments posted yet!